 Dungeon Crawl Stone Soup version 0.28.0-53-g5a82cb258f (webtiles) character file.

Game seed: 16359253453069474517

29 Zeld the Skirmisher (level 3, -1/40 HPs)
             Began as an Ogre Delver on May 23, 2022.
             Slain by an ogre
             ... wielding a +0 giant spiked club
              (18 damage)
             ... on level 5 of the Dungeon.
             The game lasted 00:01:00 (448 turns).

Zeld the Skirmisher (Ogre Delver)                    Turns: 448, Time: 00:01:00

Health: -1/40      AC:  3    Str: 18    XL:     3   Next: 16%
Magic:  3/3        EV: 10    Int: 11    God:
Gold:   13         SH:  0    Dex: 10    Spells: 2/2 levels left

rFire   . . .      SeeInvis .   a - +0 spear
rCold   . . .      Faith    .   (no shield)
rNeg    . . .      Spirit   .   b - +0 robe
rPois   .          Reflect  .   (helmet restricted)
rElec   .          Harm     .   (no cloak)
rCorr   .          Rampage  .   (gloves unavailable)
Will    .....                   (boots unavailable)
Stlth   ++........              (no amulet)
HPRegen 0.13/turn               (no ring)
MPRegen 0.08/turn               (no ring)

@: no status effects
A: large, unfitting armour, tough skin 1
a: no special abilities


You were on level 5 of the Dungeon.
You visited 1 branch of the dungeon, and saw 2 of its levels.

You collected 13 gold pieces.

Inventory:

Hand Weapons
 a - a +0 spear (weapon)
Armour
 b - a +0 robe (worn)
Wands
 g - a wand of digging (3)
 h - a wand of polymorph (2)
Scrolls
 c - a scroll of fog
 d - a scroll of magic mapping
 e - a scroll of fear
Potions
 f - a potion of haste


   Skills:
 * Level 4.6 Fighting
 * Level 2.5 Polearms
 + Level 2.1 Dodging
 - Level 3.7 Stealth
 + Level 0.5 Evocations


You had 2 spell levels left.
You didn't know any spells.
Your spell library was empty.

Dungeon Overview and Level Annotations

Branches:
Dungeon (6/15)
 Temple: D:4-7

Altars:

Annotations:
D:5 exclusion: 2 adders


Innate Abilities, Weirdness & Mutations

You are too large for most types of armour.
You have tough skin. (AC +1)


Message History

You enter a dispersal trap!
The ogre blinks!
You blink.
The ogre barely misses you.
Really walk into that dispersal trap?
You enter a dispersal trap!
The ogre blinks! x2; You blink.
You don't know any spells.
Unknown command.
You don't know any spells.
Unknown command.
Reach: a) +0 spear
Press: ? - help, Dir - move target, f/p - ogre
Aim: an ogre, wielding a +0 giant spiked club (lightly wounded, about 24% to evade your +0 spear)
You reach to attack!
You hit the ogre.
The ogre is moderately wounded.
The ogre enters a dispersal trap!
You blink.
The ogre hits you with a +0 giant club!!
Ouch! That really hurt!
The ogre completely misses you.
Really walk into that dispersal trap?
You enter a dispersal trap!
The ogre blinks! x2; You blink.
You don't know any spells.
Really walk into that dispersal trap?
You enter a dispersal trap!
The ogre blinks! x3; You blink.
The ogre barely misses you. The ogre barely misses you.
The ogre barely misses you.
Really walk into that dispersal trap?
You enter a dispersal trap!
The ogre blinks! x3; You blink.
Reach: a) +0 spear
Press: ? - help, Dir - move target, f - ogre, p - ogre
Aim: an ogre, wielding a +0 giant club (lightly wounded, about 24% to evade your +0 spear)
You reach to attack!
You hit the ogre.
The ogre is moderately wounded.
Reach: a) +0 spear
Press: ? - help, Dir - move target, f/p - ogre
Aim: an ogre, wielding a +0 giant club (moderately wounded, about 24% to evade your +0 spear)
You barely miss the ogre.
The ogre is moderately wounded.
The ogre misses you.
The ogre hits you with a +0 giant spiked club!!
You die...

....................#
.#....#............)##
.##.#.##.............##
# #.###>..#...........#
####....##....#.....#
##..^..##..#..####
###....#.....#
##........O...#
#......##O.@.##
#..#..##....##
##.#####...## ### #####


You could see 2 ogres.

Vanquished Creatures
  A centaur skeleton (D:5)
  An orc (D:5)
2 creatures vanquished.

Notes
Turn   | Place    | Note
-------+----------+-------------------------------------------
     0 | D:5      | Zeld the Ogre Delver began the quest for the Orb.
     0 | D:5      | Reached XP level 1. HP: 24/24 MP: 1/1
    12 | D:6      | Noticed a hound
   111 | D:5      | Reached XP level 2. HP: 17/33 MP: 2/2
   111 | D:5      | Reached XP level 3. HP: 21/40 MP: 3/3
   362 | D:5      | Noticed an ogre
   403 | D:5      | Noticed an ogre
   448 | D:5      | Slain by an ogre

Illustrated notes

Levels and vault maps discovered:
D:5:      layout_cave_pools, minmay_fountain_box
D:6:      layout_loops_ring, nicolae_elyvilon_peaceful_grove,
          lemuel_temple_firewalk_a, kennysheep_nondescript

Skill      XL: |  1 |
---------------+----+-----
Dodging        | 2 |  2.1
Fighting       | |  4.6
Polearms       | |  2.5
Stealth        | |  3.7
Evocations     | |  0.5

Action                   || total
-------------------------++-------
Melee: Spear             ||    18
Armor: Robe              ||     8
Dodge: Dodged            ||    11
